 Dungeon Crawl Stone Soup version 0.20.0-15-g7f486f2 (webtiles) character file.

56 vishdafish the Skirmisher (level 3, -4/24 HPs)
             Began as a Gargoyle Fighter on June 25, 2017.
             Slain by an ogre
             ... wielding a +0 giant club
              (9 damage)
             ... on level 3 of the Dungeon.
             The game lasted 00:02:08 (1437 turns).

vishdafish the Skirmisher (Gargoyle Fighter)        Turns: 1437, Time: 00:02:09

Health: -4/24      AC: 11    Str: 20    XL:     3   Next: 97%
Magic:  3/3        EV:  7    Int:  8    God:
Gold:   78         SH:  9    Dex:  9    Spells: 2/2 levels left

rFire    . . .     SeeInvis .   a - +0 flail
rCold    . . .     Gourm    .   c - +0 shield
rNeg     + . .     Faith    .   b - +0 scale mail
rPois    ∞         Spirit   .   (no helmet)
rElec    +         Reflect  .   (no cloak)
rCorr    .         Harm     .   (no gloves)
MR       .....                  n - +0 pair of boots
Stlth    ..........             (no amulet)
Regen    0.1/turn               (no ring)
MPRegen  0.1/turn               (no ring)

@: no status effects
A: negative energy resistance 1, electricity resistance, unbreathing,
petrification resistance, rot immunity, AC +3
a: no special abilities


You were on level 3 of the Dungeon.
You were not hungry.

You visited 1 branch of the dungeon, and saw 3 of its levels.

You collected 78 gold pieces.

Inventory:

Hand Weapons
 a - a +0 flail (weapon)
Armour
 b - a +0 scale mail (worn)
 c - a +0 shield (worn)
 n - a +0 pair of boots (worn)
Wands
 s - a wand of polymorph (11/24)
 x - a wand of scattershot (5/9)
Scrolls
 e - a scroll of remove curse
 g - a scroll of recharging {unknown}
 i - 2 scrolls of teleportation {unknown}
 o - a scroll of enchant armour {unknown}
 q - 3 scrolls of identify {unknown}
 r - 2 scrolls of fear {unknown}
 w - a scroll of amnesia {unknown}
Potions
 d - 3 potions of might
 h - 2 potions of curing {unknown}
 j - 2 potions of ambrosia {unknown}
 k - 2 potions of brilliance {unknown}
 m - 2 potions of agility {unknown}
 p - 5 potions of mutation {unknown}
 t - a potion of berserk rage {unknown}
 u - a potion of magic {unknown}
Comestibles
 f - a bread ration
 l - a royal jelly
 v - 2 fruits
 z - a meat ration


   Skills:
 + Level 4.0 Fighting
 + Level 2.6 Maces & Flails
 + Level 3.6 Armour
 + Level 0.2 Dodging
 + Level 3.7 Shields


You had 2 spell levels left.
You didn't know any spells.

Dungeon Overview and Level Annotations

Branches:
Dungeon (3/15)

Altars:


Innate Abilities, Weirdness & Mutations

You are resistant to torment.
Your stone body is resilient. (AC +3)
You are immune to poison.
You resist negative energy. (rN+)
You are resistant to electric shocks. (rElec)
You can survive without breathing.
You are immune to petrification.
You are immune to rotting.


Message History

You are too injured to fight recklessly!
You are too injured to fight recklessly!
You are too injured to fight recklessly!
You are too injured to fight recklessly!
You are too injured to fight recklessly!
You are too injured to fight recklessly!
You see here 10 gold pieces.
Okay, then.
Okay, then.
There is a stone staircase leading up here.
You see here a club.
Found a small pearl ring.
You see here a small pearl ring.
Your shield and scale mail prevent you from hitting the ogre.
The ogre is heavily wounded.
The ogre barely misses you.
You closely miss the ogre.
The ogre is heavily wounded.
The ogre hits you with a giant club!
You die...

####..........##
##.....†..†.....#
####.....########..#
.........#
..##....## #### #
####l# #.. #.# #.# #
#)####.#####.#
#.......lO@..#
######.####### #.#
#.# #.# #.# #.. ###


You could see an ogre and a frilled lizard.

Vanquished Creatures
  An adder (D:2)
  A worm (D:2)
  3 dart slugs
  A leopard gecko (D:3)
  A ball python (D:1)
  6 bats
  2 goblins
  8 hobgoblins
  A quokka (D:2)
  3 frilled lizards
  4 kobolds (D:1)
  5 rats
36 creatures vanquished.

Notes
Turn   | Place    | Note
-------+----------+-------------------------------------------
     0 | D:1      | vishdafish the Gargoyle Fighter began the quest for the Orb.
     0 | D:1      | Reached XP level 1. HP: 14/14 MP: 1/1
   105 | D:1      | Reached XP level 2. HP: 19/20 MP: 2/2
   597 | D:1      | Reached XP level 3. HP: 24/24 MP: 3/3
  1013 | D:2      | Reached skill level 4 in Fighting
  1409 | D:3      | Noticed an ogre
  1437 | D:3      | Slain by an ogre

Skill      XL: |  1  2  3 |
---------------+----------+-----
Fighting       | 4 |  4.0
Maces & Flails | |  2.6
Armour         | |  3.6
Dodging        | |  0.2
Shields        | |  3.7

Action                   || total
-------------------------++-------
Melee: Flail             ||   127
       Whip              ||     1
  Use: Scroll            ||     1
  Eat: Bread ration      ||     1
Armor: Scale mail        ||    76
Dodge: Dodged            ||    43
Block: Shield            ||    53
